[Event "Team 45 45 League T65"]
[Site "Internet Chess Club"]
[Date "2015.07.06"]
[Round "5"]
[White "Berke"]
[Black "QuimCatala"]
[Result "0-1"]
[WhiteElo "1428"]
[BlackElo "1386"]
[Opening "Sicilian: closed"]
[ECO "B23"]
[Time "14:08:42"]
[TimeControl "2700+45"]

1. e4 c5 2. Nc3 d6 3. f4 g6 4. Bb5+ Nc6 5. Nf3 a6 6. Bxc6+ bxc6 7. d3 e6 8. Bd2
Bg7 9. O-O Ne7 10. Qe1 d5 11. e5 Bb7 12. b3 Nf5 13. Na4 Bf8 14. c4 d4 15. Ba5
Qe7 16. Bb6 Ne3 17. Rf2 Bh6 18. Bxc5 Qd8 19. Rf1 Nc2 20. Bb6 Qe7 21. Qd2 Nxa1
22. Rxa1 c5 23. Bxc5 Qd8 24. Nxd4 Qh4 25. Rf1 g5 26. Ne2 Qg4 27. g3 gxf4 28.
Nxf4 Bxf4 29. Rxf4 Qh3 30. Qf2 Qh5 31. Nc3 Rg8 32. Ne4 Qd1+ 33. Qf1 Qxf1+ 34.
Kxf1 Bxe4 35. Rxe4 Rc8 36. d4 Kd7 37. Bb4 h5 38. Rf4 Rg7 39. Kf2 Rcg8 40. Bc3
Kc6 41. d5+ exd5 42. cxd5+ Kxd5 43. Rd4+ Ke6 44. Rd6+ Kf5 45. Rxa6 Rg4 46. Rf6+
Ke4 47. Rxf7 Kd3 48. Rf3+ Kc2 49. e6 Re8 50. Re3 Rf8+ 51. Rf3 Rxf3+ 52. Kxf3
Kxc3 53. e7 Rg8 {White resigns} 0-1

[Event "Team 45 45 League T65"]
[Site "Internet Chess Club"]
[Date "2015.07.06"]
[Round "5"]
[White "backwardpawn903"]
[Black "Brazuka"]
[Result "1-0"]
[WhiteElo "1327"]
[BlackElo "1165"]
[Opening "Queen's pawn: London system"]
[ECO "A45"]
[Time "20:00:24"]
[TimeControl "2700+45"]

1. d4 Nf6 2. Bf4 e6 3. e3 d5 4. Bd3 Nc6 5. c3 Qe7 6. h3 e5 7. dxe5 Nxe5 8. Bxe5
Qxe5 9. Nf3 Qe7 10. O-O Be6 11. Nbd2 O-O-O 12. Qa4 Kb8 13. Ne5 Bd7 14. Qb3 Qxe5
15. Nf3 Qe6 16. Nd4 Qd6 17. Rac1 Ne4 18. Bxe4 dxe4 19. Rfd1 Qg6 20. g4 Bd6 21.
c4 h5 22. c5 hxg4 23. h4 Bh2+ 24. Kxh2 Rxh4+ 25. Kg2 Kc8 26. c6 b6 27. Qb5 Rh2+
28. Kxh2 Qh5+ 29. Qxh5 {Black resigns} 1-0

[Event "Team 45 45 League T65"]
[Site "Internet Chess Club"]
[Date "2015.07.03"]
[Round "5"]
[White "dabodhi"]
[Black "JohLeb"]
[Result "1/2-1/2"]
[WhiteElo "1289"]
[BlackElo "1330"]
[Opening "Sicilian: Grand Prix attack"]
[ECO "B23"]
[Time "13:00:40"]
[TimeControl "2700+45"]

1. e4 c5 2. Nc3 Nc6 3. f4 d6 4. Nf3 e6 5. Bc4 a6 6. O-O b5 7. Be2 Nf6 8. d3 Qb6
9. Kh1 Be7 10. Qe1 Bb7 11. Be3 Nd4 12. Bd1 O-O-O 13. h3 h6 14. Qf2 Nxf3 15. Bxf3
Rdg8 16. b4 g5 17. f5 exf5 18. exf5 h5 19. Bxb7+ Qxb7 20. Qf3 Qxf3 21. gxf3 h4
22. bxc5 dxc5 23. Ne4 Nxe4 24. dxe4 Rd8 25. Rad1 f6 26. Rd5 Rxd5 27. exd5 Rd8
28. Rd1 Kc7 29. Kg2 {Game drawn by mutual agreement} 1/2-1/2

[Event "Team 45 45 League T65"]
[Site "Internet Chess Club"]
[Date "2015.07.05"]
[Round "5"]
[White "Hal2001"]
[Black "QuieroAprender"]
[Result "1/2-1/2"]
[WhiteElo "1618"]
[BlackElo "1634"]
[Opening "Pirc: Ufimtsev-Pytel variation"]
[ECO "B07"]
[Time "20:02:30"]
[TimeControl "2700+45"]

1. e4 d6 2. d4 Nf6 3. Nc3 c6 4. f4 Qa5 5. Bd2 Qb6 6. Bc1 Qa5 7. Bd2 Bg4 8. Be2
Qh5 9. Nf3 c5 10. Bb5+ Nbd7 11. Bxd7+ Nxd7 12. Nd5 Bxf3 13. Qxf3 Qxf3 14. gxf3
O-O-O 15. Be3 e6 16. Nc3 Nb6 17. b3 a6 18. a4 g6 19. Ne2 Bg7 20. Rd1 cxd4 21.
Nxd4 Nd7 22. Ne2 Nb8 23. Bd4 e5 24. Bb6 Rd7 25. Rd5 f5 26. fxe5 dxe5 27. Nc3
fxe4 28. fxe4 Re8 29. Rf1 Re6 30. Rf7 Rxb6 31. Rdxd7 Nxd7 32. Rxg7 Nf6 {Game
drawn by mutual agreement} 1/2-1/2

[Event "Team 45 45 League T65"]
[Site "Internet Chess Club"]
[Date "2015.07.06"]
[Round "5"]
[White "BrianWood"]
[Black "ChessMaine"]
[Result "0-1"]
[WhiteElo "1491"]
[BlackElo "1551"]
[Opening "QGD: 4.Nf3"]
[ECO "D37"]
[Time "20:02:30"]
[TimeControl "2700+45"]

1. c4 e6 2. d4 d5 3. Nc3 Nf6 4. Nf3 Be7 5. e3 O-O 6. Bd3 c6 7. O-O dxc4 8. Bxc4
b5 9. Bd3 a6 10. a4 Bb7 11. axb5 cxb5 12. Qc2 Nc6 13. Ne4 g6 14. Nxf6+ Bxf6 15.
Be2 Rc8 16. Qd1 Qe7 17. Bd2 Nb4 18. Rc1 Rxc1 19. Qxc1 Rc8 20. Bxb4 Qxb4 21. Qb1
Bd5 22. Rc1 Bc4 23. Bxc4 Rxc4 24. Rxc4 Qxc4 25. Nd2 Qc7 26. b4 Be7 27. g3 Qc3
28. Ne4 Qxb4 29. Qxb4 Bxb4 30. Kf1 a5 31. Ke2 a4 32. Kd1 Kg7 33. Kc2 h6 34. f3
f5 35. Nc5 Bxc5 36. dxc5 Kf7 37. e4 Ke7 38. h4 Kd7 39. exf5 exf5 40. Kc3 Kc6 41.
Kb4 a3 42. Kxa3 Kxc5 43. Kb3 Kd4 44. g4 fxg4 45. fxg4 Ke4 46. g5 hxg5 47. hxg5
Kf4 48. Kb4 Kxg5 49. Kxb5 Kf4 50. Kc4 g5 51. Kd3 Kf3 52. Kd2 Kf2 53. Kd1 g4 54.
Kd2 g3 {White resigns} 0-1

[Event "Team 45 45 League T65"]
[Site "Internet Chess Club"]
[Date "2015.07.07"]
[Round "5"]
[White "PaulRichard"]
[Black "Leon13"]
[Result "1/2-1/2"]
[WhiteElo "1558"]
[BlackElo "1340"]
[Opening "Philidor: exchange variation"]
[ECO "C41"]
[Time "13:00:32"]
[TimeControl "2700+45"]

1. e4 e5 2. Nf3 d6 3. d4 exd4 4. Nxd4 c5 5. Bb5+ Nd7 6. Nf3 Be7 7. O-O Nf6 8.
Nc3 O-O 9. Re1 Qc7 10. Bxd7 Bxd7 11. Bf4 Bg4 12. h3 Nh5 13. hxg4 Nxf4 14. Qd2
Ng6 15. Nd5 Qd7 16. e5 Qxg4 17. Nxe7+ Nxe7 18. Qxd6 Nf5 19. Nh2 Qg5 20. Nf3 Qf4
21. Qd2 Qg4 22. Qg5 Qxg5 23. Nxg5 Nd4 24. c3 Nc2 25. e6 fxe6 26. Nxe6 Rf6 27.
Nc7 Rd8 28. Re8+ Rxe8 29. Nxe8 Re6 30. Nc7 Re2 31. Rc1 Re7 32. Rxc2 Rxc7 {Game
drawn by mutual agreement} 1/2-1/2

[Event "Team 45 45 League T65"]
[Site "Internet Chess Club"]
[Date "2015.07.06"]
[Round "5"]
[White "olivermx"]
[Black "seattleblues"]
[Result "0-1"]
[WhiteElo "1342"]
[BlackElo "1442"]
[Opening "Caro-Kann: advance variation"]
[ECO "B12"]
[Time "22:07:12"]
[TimeControl "2700+45"]

1. e4 c6 2. d4 d5 3. e5 Bf5 4. c4 e6 5. Nf3 Nd7 6. Be2 Ne7 7. O-O dxc4 8. Bxc4
Nb6 9. Be2 Ned5 10. Nc3 Be7 11. Nxd5 Nxd5 12. a3 O-O 13. Bd2 c5 14. dxc5 Bxc5
15. Rc1 Rc8 16. b4 Bb6 17. Bc4 h6 18. Bxd5 Qxd5 19. Bf4 Qxd1 20. Rfxd1 Bg4 21.
Rxc8 Rxc8 22. h3 Bxf3 23. gxf3 Rd8 24. Rxd8+ Bxd8 25. Be3 a6 26. Kg2 h5 27. Kg3
Bc7 28. f4 Kh7 29. f3 Kg6 30. Kh4 Kf5 31. Kxh5 b6 32. Bd2 Bd8 33. Be3 b5 34. Bd2
Be7 35. Be3 Bf8 36. Kh4 g6 37. Bd2 Bh6 38. Kg3 f6 39. exf6 Kxf6 40. Bc3+ Kf5 41.
Bd2 e5 42. Kg2 Bxf4 43. Bxf4 exf4 44. Kf2 Ke5 45. Ke2 Kd4 46. Kd2 g5 47. Kd1 Ke3
48. Kc2 Kxf3 49. Kc3 Ke3 {White resigns} 0-1

[Event "Team 45 45 League T65"]
[Site "Internet Chess Club"]
[Date "2015.07.03"]
[Round "5"]
[White "Invicta-Knight"]
[Black "isolani"]
[Result "1-0"]
[WhiteElo "1648"]
[BlackElo "1509"]
[Opening "Pirc: Ufimtsev-Pytel variation"]
[ECO "B07"]
[Time "07:02:54"]
[TimeControl "2700+45"]

1. e4 d6 2. d4 Nf6 3. Nc3 c6 4. Bg5 Qa5 5. Qd2 Nbd7 6. f4 e5 7. O-O-O Be7 8. g3
O-O 9. Nf3 Re8 10. Bc4 b5 11. Bxf6 Nxf6 12. dxe5 dxe5 13. Bb3 b4 14. Ne2 Nxe4
15. Qe3 Bf5 16. Nxe5 Bc5 17. Qf3 Nf2 18. Bxf7+ Kf8 19. Qb3 Rxe5 20. fxe5 Nxd1
21. Rxd1 Rd8 22. Bg8 Rxd1+ 23. Kxd1 Qc7 24. Nf4 Bg4+ 25. Kc1 g6 26. Nd3 Be3+ 27.
Kb1 c5 28. Qd5 Bf5 29. Be6 Bxd3 30. Qf3+ Kg7 31. Qxe3 Bb5 32. Bd5 Qe7 33. e6 a5
34. g4 Qf6 35. a4 Bxa4 36. Qxc5 Qf1+ 37. Ka2 b3+ 38. cxb3 {Black forfeits on
time} 1-0

[Event "Team 45 45 League T65"]
[Site "Internet Chess Club"]
[Date "2015.07.05"]
[Round "5"]
[White "ElMarginal"]
[Black "kingphisch"]
[Result "1-0"]
[WhiteElo "1651"]
[BlackElo "1447"]
[Opening "Dunst (Sleipner, Heinrichsen) opening"]
[ECO "D00"]
[Time "15:07:10"]
[TimeControl "2700+45"]

1. Nc3 Nf6 2. d4 d5 3. Bf4 c6 4. Nf3 e6 5. e3 Nbd7 6. Bd3 Be7 7. O-O O-O 8. h3
Re8 9. Qd2 a6 10. Rae1 b5 11. Ng5 Nf8 12. Bh2 h6 13. Nf3 Ng6 14. a3 Bd7 15. Bxg6
fxg6 16. Qd3 Rf8 17. Ne5 Be8 18. Nxg6 Bxg6 19. Qxg6 Qe8 20. Qd3 Rc8 21. e4 Qf7
22. Re2 c5 23. exd5 exd5 24. Rfe1 Rce8 25. Bg3 c4 26. Qf3 Ne4 27. Qxf7+ Kxf7 28.
Nxd5 Nxg3 29. Rxe7+ Rxe7 30. Rxe7+ {Black resigns} 1-0

[Event "Team 45 45 League T65"]
[Site "Internet Chess Club"]
[Date "2015.07.02"]
[Round "5"]
[White "BrerRabbit"]
[Black "Andaluz"]
[Result "1-0"]
[WhiteElo "1487"]
[BlackElo "1372"]
[Opening "Réti: King's Indian attack"]
[ECO "A05"]
[Time "15:02:21"]
[TimeControl "2700+45"]

1. Nf3 Nf6 2. g3 g6 3. Bg2 Bg7 4. O-O O-O 5. d3 d5 6. Nbd2 Bg4 7. e4 dxe4 8.
dxe4 e5 9. h3 Bxf3 10. Bxf3 Nc6 11. Re1 Nd7 12. Bg2 Nc5 13. b3 Re8 14. Ba3 Ne6
15. Nf3 Qxd1 16. Raxd1 Rad8 17. c3 Rxd1 18. Rxd1 Rd8 19. Rxd8+ Ncxd8 20. Bf1 c5
21. Bc4 b6 22. Bd5 Nc7 23. c4 Kf8 24. Bb2 f6 25. Bc1 Nf7 26. Kf1 Ne6 27. Bxe6
{Black resigns} 1-0

[Event "Team 45 45 League T65"]
[Site "Internet Chess Club"]
[Date "2015.07.03"]
[Round "5"]
[White "rgadoury"]
[Black "gwillis"]
[Result "1-0"]
[WhiteElo "1433"]
[BlackElo "1377"]
[Opening "Queen's pawn game"]
[ECO "D00"]
[Time "17:03:47"]
[TimeControl "2760+45"]

1. d4 d5 2. g3 Nc6 3. c3 e5 4. dxe5 Nxe5 5. Bg2 c6 6. Nf3 Bd6 7. Nbd2 Be6 8. O-O
Qd7 9. Nxe5 Bxe5 10. Nf3 Bc7 11. Re1 h5 12. h4 O-O-O 13. Be3 Bh3 14. Kh2 Bxg2
15. Kxg2 f6 16. Qa4 a6 17. Rad1 Ne7 18. c4 Qg4 19. Rd4 Qe6 20. Qb3 Nf5 21. cxd5
Rxd5 22. Rxd5 Qxd5 23. Qxd5 cxd5 24. Bc1 Rd8 25. Rd1 d4 26. b3 Bb6 27. Bf4 Bc7
28. Bxc7 Kxc7 29. Rd3 Kc6 30. e4 Ne7 31. Rxd4 Rxd4 32. Nxd4+ Kd6 33. f4 g6 34.
Kf3 Kc5 35. Ke3 Kb4 36. a4 Nc6 37. Nxc6+ bxc6 38. e5 fxe5 39. fxe5 Kc5 40. Ke4
a5 41. e6 Kd6 42. e7 Kxe7 43. Kd4 Kd6 44. Kc4 Kc7 45. Kc5 Kd7 46. Kb6 c5 47.
Kxc5 Kc7 48. Kb5 Kb7 49. Kxa5 Ka7 50. b4 Kb7 51. Kb5 Ka7 52. Kc6 Kb8 53. b5 Ka7
54. a5 Kb8 55. a6 Ka8 56. Kc7 Ka7 57. b6+ Ka8 58. b7+ {Black resigns} 1-0

[Event "Team 45 45 League T65"]
[Site "Internet Chess Club"]
[Date "2015.07.05"]
[Round "5"]
[White "dabodhi"]
[Black "olivermx"]
[Result "1/2-1/2"]
[WhiteElo "1283"]
[BlackElo "1355"]
[Opening "Scotch gambit: Benima defense"]
[ECO "C44"]
[Time "13:11:13"]
[TimeControl "2700+45"]

1. e4 e5 2. Nf3 Nc6 3. d4 exd4 4. Bc4 Be7 5. c3 dxc3 6. Qd5 Nh6 7. Bxh6 O-O 8.
Bxg7 Kxg7 9. Nxc3 d6 10. O-O Be6 11. Qd3 Bxc4 12. Qxc4 Bf6 13. Rad1 Ne5 14. Nxe5
Bxe5 15. b3 a6 16. Nd5 Rc8 17. Qe2 Qh4 18. g3 Qh6 19. Ne7 Kh8 20. Nxc8 Rxc8 21.
Qg4 Qe6 22. Qxe6 fxe6 23. f4 Bg7 24. f5 exf5 25. exf5 Rf8 26. g4 h6 27. Rd5 Be5
28. Rd3 Rg8 29. h3 h5 30. f6 hxg4 31. h4 Rf8 32. f7 Kg7 33. Rf5 Rxf7 34. Rxf7+
Kxf7 35. Kg2 Kg6 36. Rd1 Kh5 37. Rh1 c5 38. Rf1 Kxh4 39. Rf7 b5 40. Ra7 c4 41.
bxc4 bxc4 42. Rxa6 c3 43. Rc6 Kg5 44. a4 Kf5 45. a5 Ke6 46. a6 Bd4 47. Rc7 Ke5
48. a7 Bxa7 49. Rxa7 Kd4 50. Rc7 Kd3 51. Kg3 Kd2 52. Rd7 c2 53. Rxd6+ Kc3 54.
Rc6+ Kd2 55. Rd6+ Kc3 56. Rc6+ Kd2 57. Rd6+ {Game drawn by repetition} 1/2-1/2

[Event "Team 45 45 League T65"]
[Site "Internet Chess Club"]
[Date "2015.07.03"]
[Round "5"]
[White "Just-Jim"]
[Black "SeniorCitizen"]
[Result "0-1"]
[WhiteElo "1303"]
[BlackElo "1368"]
[Opening "French: advance variation"]
[ECO "C02"]
[Time "13:00:38"]
[TimeControl "2700+45"]

1. e4 e6 2. d4 d5 3. e5 c5 4. c3 Nc6 5. f4 cxd4 6. cxd4 Qb6 7. Nf3 Nge7 8. Nc3
Nf5 9. Ne2 Bd7 10. g4 Bb4+ 11. Bd2 Nfxd4 12. Nfxd4 Nxd4 13. Nxd4 Qxd4 14. Bxb4
Qxb4+ 15. Qd2 Qe4+ 16. Qe2 Qxh1 17. O-O-O Qe4 18. Qd2 Rc8+ {White resigns} 0-1

[Event "Team 45 45 League T65"]
[Site "Internet Chess Club"]
[Date "2015.07.04"]
[Round "5"]
[White "oldbookseller"]
[Black "bhandelman"]
[Result "0-1"]
[WhiteElo "1153"]
[BlackElo "1165"]
[Opening "Queen's pawn game"]
[ECO "D05"]
[Time "09:00:16"]
[TimeControl "2700+45"]

1. d4 Nf6 2. Nf3 e6 3. e3 d5 4. Bd3 g6 5. Nbd2 Bg7 6. O-O O-O 7. c3 a6 8. e4 b5
9. e5 Nfd7 10. b4 Nc6 11. a3 Nb6 12. Qe1 Na4 13. Nb3 h6 14. Nc5 Nxc5 15. bxc5
Rb8 16. Be3 a5 17. h3 b4 18. cxb4 axb4 19. a4 b3 20. g4 Nb4 21. Qd2 Ba6 22. g5
Bxd3 23. gxh6 Bxf1 24. Kxf1 Nc2 25. h7+ Kxh7 26. Ng5+ Kg8 27. f4 Nxa1 28. Nxe6
fxe6 29. Qa5 b2 30. Qa6 b1=Q+ 31. Kf2 Qh4+ 32. Ke2 Rb2+ 33. Kf3 Qxh3# {White
checkmated} 0-1

[Event "Team 45 45 League T65"]
[Site "Internet Chess Club"]
[Date "2015.07.04"]
[Round "5"]
[White "Husky99"]
[Black "guyd52"]
[Result "1-0"]
[WhiteElo "1318"]
[BlackElo "1336"]
[Opening "Pirc: classical (two knights) system"]
[ECO "B06"]
[Time "19:01:08"]
[TimeControl "2700+45"]

1. e4 g6 2. d4 Bg7 3. Nf3 d6 4. Nc3 Nf6 5. Bc4 O-O 6. Ng5 e6 7. O-O c6 8. Nf3 b5
9. Bb3 a5 10. a4 b4 11. e5 dxe5 12. dxe5 bxc3 13. exf6 Bxf6 14. Rb1 Qb6 15. Be3
Qb4 16. bxc3 Qxc3 17. Bd4 Bxd4 18. Nxd4 Rd8 19. Ne2 Qf6 20. Qc1 Ba6 21. Qe3 Nd7
22. Rfd1 c5 23. Qe4 Qg5 24. Rxd7 Bxe2 25. Rxd8+ Rxd8 26. Qxe2 Rb8 27. Rd1 Rb4
28. h3 c4 29. Bxc4 Rxa4 30. Bb3 Rh4 31. Rd7 a4 32. Bxe6 Rf4 33. Ba2 Qc5 34. Qe8+
Kg7 35. Rxf7+ Rxf7 36. Qxf7+ Kh6 37. Qc4 Qa7 38. Qf4+ Kg7 39. c4 Qd7 40. Qe5+
Kh6 41. Qd5 Qa7 42. c5 Qa5 43. g3 Qe1+ 44. Kg2 Qc3 45. c6 a3 46. Qc4 Qa5 47. c7
Qa8+ 48. Qd5 Qc8 49. Qd8 Qb7+ 50. Bd5 Qb2 51. c8=Q a2 52. Qh4+ Kg7 53. Qd7+ Kf8
54. Qf7# {Black checkmated} 1-0

[Event "Team 45 45 League T65"]
[Site "Internet Chess Club"]
[Date "2015.07.05"]
[Round "5"]
[White "Conjurer"]
[Black "stantheman59"]
[Result "1-0"]
[WhiteElo "1369"]
[BlackElo "1242"]
[Opening "Queen's Pawn"]
[ECO "B07"]
[Time "13:11:36"]
[TimeControl "2700+45"]

1. d4 d6 2. e4 g6 3. Bc4 Bg7 4. c3 Nf6 5. Nd2 O-O 6. Ngf3 Bg4 7. O-O Bxf3 8.
Qxf3 Nbd7 9. e5 Nh5 10. g4 dxe5 11. gxh5 exd4 12. Ne4 Ne5 13. Qe2 dxc3 14. Nxc3
Nxc4 15. Qxc4 gxh5 16. Qh4 Qd3 17. Bf4 Qc4 18. Qg3 f5 19. Rfe1 e6 20. Rac1 e5
21. Bxe5 Qg4 22. Bxg7 Qxg3+ 23. fxg3 Kxg7 24. Re7+ Rf7 25. Nd5 c6 26. Rxf7+ Kxf7
27. Nf4 h4 28. Kf2 hxg3+ 29. hxg3 Rd8 30. Rc2 Rd6 31. Kf3 a5 32. a4 b5 33. b3
Ke7 34. axb5 cxb5 35. Rc7+ Rd7 36. Nd5+ Kd6 37. Rxd7+ Kxd7 38. Nf6+ Kc6 39. Ke3
Kc5 40. Kd3 Kb4 41. Kc2 h6 42. Nd5+ Ka3 43. Nc3 h5 44. Nxb5+ Ka2 45. Nd4 f4 46.
gxf4 h4 47. Nf3 h3 48. f5 Ka3 49. f6 Kb4 50. f7 a4 51. bxa4 Kc5 52. f8=Q+ Kc6
53. Qh6+ Kb7 54. Qxh3 Ka6 55. Qc8+ Ka5 56. Qb8 Kxa4 57. Kc3 Ka5 58. Kc4 Ka6 59.
Kc5 Ka5 60. Qb5# {Black checkmated} 1-0

[Event "Team 45 45 League T65"]
[Site "Internet Chess Club"]
[Date "2015.07.03"]
[Round "5"]
[White "srikrish"]
[Black "WilmaP"]
[Result "0-1"]
[WhiteElo "1091"]
[BlackElo "1201"]
[Opening "Caro-Kann: advance variation"]
[ECO "B12"]
[Time "14:00:37"]
[TimeControl "2700+45"]

1. e4 c6 2. d4 d5 3. e5 e6 4. Nf3 Be7 5. Nc3 Nd7 6. Bd3 c5 7. Nb5 c4 8. Be2 Qa5+
9. Nc3 f6 10. Bf4 Bb4 11. O-O Ne7 12. b3 Bxc3 13. Bd2 Bxd2 14. Nxd2 c3 15. Nf3
O-O 16. Nh4 b5 17. Bd3 f5 18. g4 Qb4 19. Kh1 Qxd4 20. Qf3 Nxe5 21. Qg2 Nxd3 22.
cxd3 fxg4 23. Rac1 e5 24. Rg1 h5 25. Rcf1 c2 26. h3 Rf7 27. hxg4 Bxg4 28. Qg3
Nf5 29. Nxf5 Rxf5 30. f3 Rg5 31. fxg4 Rxg4 32. Qh2 h4 33. Qxc2 Rxg1+ 34. Rxg1
Rf8 35. Qg2 Rf7 36. Qh3 a5 37. Qe6 Qf4 38. Qxd5 b4 39. Qe6 Qf3+ 40. Kh2 Qf4+ 41.
Kh1 Qf3+ 42. Kh2 Qf2+ 43. Rg2 Qf4+ 44. Kh1 h3 45. Qxh3 Rf6 46. Qc8+ Kh7 47. Rh2+
Rh6 48. Rxh6+ Qxh6+ 49. Kg2 Qd2+ 50. Kg1 Qxd3 51. Qc5 e4 52. Qf5+ Kg8 53. Qe6+
Kh7 54. Qf5+ g6 55. Qf7+ Kh6 56. Qf4+ g5 57. Qh2+ Kg6 58. Qe5 Qb1+ 59. Kf2 Qxa2+
60. Ke3 Qxb3+ 61. Kd4 Qd3+ 62. Kc5 Qc2+ 63. Kd4 Qb2+ 64. Kxe4 Qxe5+ 65. Kxe5 b3
66. Kd4 b2 67. Kc3 b1=Q 68. Kc4 Qb2 69. Kc5 Qb3 70. Kc6 a4 71. Kc5 a3 72. Kc6 a2
73. Kc5 a1=Q 74. Kd6 Qd4+ 75. Ke7 Qb7+ 76. Ke6 Qbd5+ 77. Ke7 Qa7+ 78. Ke8 Qda8#
{White checkmated} 0-1

[Event "Team 45 45 League T65"]
[Site "Internet Chess Club"]
[Date "2015.07.06"]
[Round "5"]
[White "WzeroMN"]
[Black "rhayder"]
[Result "0-1"]
[WhiteElo "1098"]
[BlackElo "1366"]
[Opening "Ruy Lopez: Treybal (Bayreuth) variation (exchange var. deferred)"]
[ECO "C77"]
[Time "14:11:44"]
[TimeControl "2700+45"]

1. e4 e5 2. Nf3 Nc6 3. Bb5 a6 4. Ba4 Nf6 5. Bxc6 dxc6 6. d3 Bg4 7. a3 Bd6 8. O-O
h6 9. Nbd2 Qd7 10. b4 O-O-O 11. c3 Nh5 12. Nc4 Nf4 13. Nxd6+ Qxd6 14. Bxf4 exf4
15. h3 Bh5 16. g4 Bg6 17. Ne1 Bxe4 18. d4 Rhe8 19. f3 Bd5 20. Ng2 Bc4 21. Rf2 g5
22. Qd2 Qg6 23. Re1 Rxe1+ 24. Qxe1 Qe6 25. Qxe6+ fxe6 26. Ne3 Bd5 27. Nxd5 cxd5
28. Re2 Re8 29. Re1 Kd7 30. Kf2 Kc6 31. a4 Kb6 32. Re2 a5 33. b5 c6 34. bxc6
Kxc6 35. Rb2 b6 36. Rb1 Kb7 37. Rb2 Rc8 38. Rb3 Rc4 39. Ra3 Kc6 40. Ke2 b5 41.
axb5+ Kxb5 42. Rb3+ Ka4 43. Rb6 Rxc3 44. Rxe6 Rc4 45. Rxh6 Rxd4 46. Rg6 Kb3 47.
Rxg5 a4 48. Rg8 a3 49. g5 a2 50. Rb8+ Rb4 51. Ra8 Ra4 52. Rb8+ Ka3 53. g6 a1=Q
54. Rb1 Qxb1 55. g7 Qg6 56. g8=Q Qxg8 57. h4 Qd8 58. h5 Qe8+ 59. Kf2 Qxh5 60.
Kg2 Rb4 61. Kg1 Qg5+ 62. Kh2 Qg3+ {White resigns} 0-1

[Event "Team 45 45 League T65"]
[Site "Internet Chess Club"]
[Date "2015.07.04"]
[Round "5"]
[White "pcvan"]
[Black "SugarIslander"]
[Result "1/2-1/2"]
[WhiteElo "1563"]
[BlackElo "1585"]
[Opening "Petrov: Nimzovich attack"]
[ECO "C42"]
[Time "14:00:31"]
[TimeControl "2700+45"]

1. e4 e5 2. Nf3 Nf6 3. Nxe5 d6 4. Nf3 Nxe4 5. Nc3 Nxc3 6. dxc3 Be7 7. Be3 Nc6 8.
Qd2 Be6 9. Bd3 Ne5 10. Nxe5 dxe5 11. O-O O-O 12. Rfe1 c6 13. a4 Qc7 14. Rad1
Rad8 15. Qe2 Rd7 16. Qh5 g6 17. Qe2 Rfd8 18. Qf3 Bd5 19. Qg4 Be6 20. Qf3 Bd5 21.
Qg4 Be6 22. Qf3 {Game drawn by repetition} 1/2-1/2

[Event "Team 45 45 League T65"]
[Site "Internet Chess Club"]
[Date "2015.07.06"]
[Round "5"]
[White "Innes"]
[Black "ElMarginal"]
[Result "0-1"]
[WhiteElo "1611"]
[BlackElo "1666"]
[Opening "Bird's opening"]
[ECO "A02"]
[Time "19:16:21"]
[TimeControl "2700+45"]

1. f4 Nc6 2. e4 Nf6 3. Nc3 d5 4. e5 d4 5. Nce2 Nd5 6. d3 e6 7. Nf3 Bc5 8. c3
dxc3 9. bxc3 O-O 10. d4 Be7 11. Bd2 f6 12. Ng3 fxe5 13. fxe5 Kh8 14. Bd3 g5 15.
O-O g4 16. Ne1 Rxf1+ 17. Nxf1 Qg8 18. Ng3 Bd7 19. Nc2 Rf8 20. Ne3 Nf4 21. Bc2 h5
22. Ne4 b5 23. Rb1 a6 24. Bc1 Rf7 25. Bb2 Qg7 26. c4 Nb4 27. d5 bxc4 28. Nxc4
Nfxd5 29. Ng3 Bc5+ 30. Kh1 Bb5 31. Nd6 cxd6 32. exd6 e5 33. Bb3 Bc6 34. Nxh5 Qg5
35. a3 Qxh5 36. axb4 Rh7 37. Bxe5+ Qxe5 38. h3 Rxh3+ 39. gxh3 Ne3+ {White
resigns} 0-1

[Event "Team 45 45 League T65"]
[Site "Internet Chess Club"]
[Date "2015.07.04"]
[Round "5"]
[White "gokuxxx"]
[Black "dabodhi"]
[Result "1-0"]
[WhiteElo "1434"]
[BlackElo "1279"]
[Opening "Queen's pawn: Chigorin variation"]
[ECO "D00"]
[Time "15:01:20"]
[TimeControl "2700+45"]

1. Nc3 d5 2. d4 Nf6 3. Bf4 Bf5 4. Nf3 Nbd7 5. Nh4 Bg6 6. Nb5 Rc8 7. Nxa7 Ra8 8.
Nb5 Rc8 9. Nxg6 fxg6 10. e3 c6 11. Nc3 e6 12. Be2 Be7 13. O-O O-O 14. a3 Nb6 15.
a4 Bd6 16. a5 Bxf4 17. exf4 Nc4 18. a6 b5 19. Bxc4 bxc4 20. Re1 Re8 21. Na4 Nd7
22. b3 cxb3 23. cxb3 Ra8 24. Qd3 Qc7 25. Rec1 Rec8 26. g3 Ra7 27. Nc5 Nxc5 28.
Rxc5 Qb6 29. Qe2 Kf7 30. Kg2 Qxb3 31. Re1 Re7 32. Qe5 Qb6 33. Qd6 Qxa6 34. Rxd5
Rce8 35. Rc5 Qc8 36. Rxc6 Rd8 37. Qxe7+ Kxe7 38. Rxc8 Rxc8 39. d5 Rd8 40. Rxe6+
Kf7 41. Re5 Rd6 42. Kf3 Kf6 43. h4 h5 44. Ke4 Kf7 45. f5 gxf5+ 46. Rxf5+ Rf6 47.
Rxh5 Ke7 48. f4 Kd6 49. Rf5 Rg6 50. Rg5 Rxg5 51. fxg5 Ke7 52. Ke5 g6 53. d6+ Kd7
54. Kf6 Kxd6 55. Kxg6 Ke7 56. Kg7 Ke8 57. g6 Ke7 58. h5 {Black resigns} 1-0

[Event "Team 45 45 League T65"]
[Site "Internet Chess Club"]
[Date "2015.07.03"]
[Round "5"]
[White "Constrictor"]
[Black "Egmont"]
[Result "1/2-1/2"]
[WhiteElo "1586"]
[BlackElo "1681"]
[Opening "QGD Slav: 4.Nc3"]
[ECO "D15"]
[Time "11:05:06"]
[TimeControl "2700+45"]

1. Nf3 d5 2. d4 Nf6 3. c4 c6 4. Nc3 a6 5. cxd5 cxd5 6. Bf4 e6 7. e3 b5 8. Bd3
Bb7 9. O-O Bd6 10. Bxd6 Qxd6 11. Rc1 Nbd7 12. Qe2 O-O 13. Rc2 Nb6 14. b3 b4 15.
Nb1 a5 16. Rfc1 Rfc8 17. Rxc8+ Rxc8 18. Rxc8+ Bxc8 19. Qc2 Bb7 20. Ne5 g6 21.
Nd2 Nfd7 22. Ndf3 Nxe5 23. Nxe5 f6 24. Nf3 Kg7 25. Bb5 e5 26. dxe5 fxe5 27. Qb2
Kf6 28. Qc1 h6 29. Qc2 d4 30. Nd2 Qd5 31. Bf1 dxe3 32. fxe3 Qc6 33. Qxc6+ Bxc6
34. Bd3 Nd5 35. Nc4 Bb5 36. Nxe5 Kxe5 37. Bxb5 Nxe3 38. Bd3 g5 39. Kf2 Nd1+ 40.
Kg3 Nc3 41. Kg4 Nxa2 42. Kh5 Nc3 43. Kxh6 Kf6 44. Kh5 Nd5 45. g3 Nb6 46. h4 gxh4
47. Kxh4 a4 48. bxa4 Nxa4 49. Kh5 Kg7 {Game drawn by mutual agreement} 1/2-1/2

[Event "Team 45 45 League T65"]
[Site "Internet Chess Club"]
[Date "2015.07.04"]
[Round "5"]
[White "AVEMARIA"]
[Black "Hal2001"]
[Result "1-0"]
[WhiteElo "1642"]
[BlackElo "1617"]
[Opening "Robatsch (modern) defense"]
[ECO "B34"]
[Time "08:01:26"]
[TimeControl "2700+45"]

1. e4 g6 2. d4 Bg7 3. Nf3 c5 4. Be3 cxd4 5. Nxd4 Nc6 6. Nc3 d6 7. Bb5 Bd7 8. O-O
Nf6 9. Nxc6 bxc6 10. Be2 O-O 11. Qd2 Re8 12. Rad1 Qc7 13. h3 Rab8 14. b3 Red8
15. f4 Bc8 16. e5 Ne8 17. Ne4 Bf5 18. exd6 Nxd6 19. Nxd6 Rxd6 20. Qc1 Qa5 21. g4
Be4 22. Rxd6 exd6 23. a4 Re8 24. Bd3 f5 25. Bxe4 Rxe4 26. Qd2 Qxd2 27. Bxd2 Re2
28. Rd1 Bd4+ 29. Kh1 fxg4 30. hxg4 d5 31. c4 dxc4 32. bxc4 Re4 33. Kg2 Bc5 34.
Be1 Rxc4 35. Rd8+ Bf8 36. Kf3 Rxa4 37. Bh4 Kf7 38. Rd7+ Kg8 39. Rd8 Kf7 40. Rd7+
Ke6 41. Rxh7 c5 42. Rh8 Bd6 43. Bg5 c4 44. Re8+ Kf7 45. Rd8 Bc5 46. f5 gxf5 47.
gxf5 Ra3+ 48. Ke4 Re3+ 49. Bxe3 Bxe3 50. Kxe3 {Black resigns} 1-0

[Event "Team 45 45 League T65"]
[Site "Internet Chess Club"]
[Date "2015.07.05"]
[Round "5"]
[White "Gilguli"]
[Black "whiskeytown"]
[Result "1-0"]
[WhiteElo "1428"]
[BlackElo "1566"]
[Opening "Pirc: classical (two knights) system"]
[ECO "B08"]
[Time "14:32:59"]
[TimeControl "2700+45"]

1. e4 d6 2. d4 Nf6 3. Nc3 g6 4. Nf3 Bg7 5. Bf4 Nh5 6. Be3 Nf6 7. Bb5+ c6 8. Bc4
Nxe4 9. Bxf7+ Kxf7 10. Nxe4 Rf8 11. Qd2 Nd7 12. Nfg5+ Kg8 13. Ne6 Qe8 14. Nc7
Qf7 15. Nxa8 Nf6 16. Ng5 Qd5 17. f3 Bd7 18. Nc7 {Black resigns} 1-0